AoeStats
← Governor

Arabia

510269275Analyzed
1v1 RM · 1d ago on Sep 30, 2026· 51m 50s· 2 players
Game mode
Random Map
Map size
Tiny (2 player)
Population
200
Speed
Normal
Resources
Standard
Victory
Conquest
Starting age
Dark Age
Ending age
Imperial Age
RankedLock teamsTeams togetherTeam positionsShared explorationLock speedFull tech treeHidden civsTurbo modeCheats
Victory
Defeat
🇪🇸 Berbers · Spain
414
+12
🇨🇳 Vikings · China
316
-12
Governor
8:23 Loom
11:31 Feudal Age
12:34 Double-Bit Axe
13:34 Horse Collar
16:17 Scale Mail Armor
16:28 Forging
16:32 Gold Mining
20:25 Fletching
22:53 Castle Age
21:57 Stone Mining
22:44 Fletching
26:01 Gold Shaft Mining
25:44 Bow Saw
27:39 Atonement
27:28 Town Watch
28:29 Iron Casting
28:10 Chain Mail Armor
28:44 Iron Casting
27:39 Crossbowman
27:41 Pikeman
28:23 Squires
32:59 Chain Mail Armor
32:42 Bodkin Arrow
38:43 Chieftains
39:07 Town Patrol
39:48 Ballistics
42:31 Imperial Age
50:31 Siege Engineers
52:08 Blast Furnace
51:39 Plate Mail Armor
51:14 Scale Barding Armor
51:10 Padded Archer Armor
51:10 Bracer
Ameyarci
3:01 Loom
11:24 Feudal Age
12:56 Double-Bit Axe
12:56 Horse Collar
15:47 Wheelbarrow
16:49 Town Watch
20:45 Bloodlines
21:02 Forging
21:02 Scale Barding Armor
21:13 Gold Mining
24:42 Castle Age
23:39 Fletching
25:23 Stone Mining
26:39 Hand Cart
26:25 Town Patrol
28:33 Ballistics
28:10 Murder Holes
28:26 Masonry
28:44 Husbandry
29:49 Fervor
35:23 Imperial Age
32:43 Treadmill Crane
32:38 Elite Skirmisher
33:24 Thumb Ring
38:09 Hoardings
39:36 Chemistry
38:44 Siege Engineers
38:51 Fortified Wall
39:33 Iron Casting
39:07 Cavalier
42:13 Conscription
42:35 Kasbah
44:11 Maghrebi Camels
43:33 Elite Camel Archer
46:10 Heavy Camel Rider
46:55 Bodkin Arrow
47:01 Padded Archer Armor
47:21 Chain Barding Armor
48:03 Blast Furnace
47:28 Elite Genitour
50:57 Heresy
51:19 Gold Shaft Mining
50:48 Bracer
51:04 Leather Archer Armor
51:26 Plate Barding Armor
51:05 Bow Saw
51:02 Heavy Plow
Connection lost

Rejoining the realm…

Still unreachable

The connection could not be restored.

Session expired

The server has moved on; the page needs a fresh start.